Map: Aura mortal EE

Players

MrFercho - Winner!

  • Race: Zerg Zerg
  • League: Silver
  • Spawn Location: 5:00

Jed

  • Race: Protoss Protoss
  • League: Gold
  • Spawn Location: 11:00

VOD

Have the link to the VOD?

Description

Time

  • Played on: June 22, 2020, 10:59 a.m.
  • Length: 7:13
Show
View Real Time Build Order
Export as new Build Order

MrFercho Zerg - Winner!

Build Orders: Hatch First 

Get SALT Encoding   

  12  0:01  Drone  
  13  0:15  Overlord  
  13  0:16  Drone  
  14  0:35  Drone x2  
  16  0:52  Drone  
  16  0:54  Hatchery  
  16  0:57  Drone  
  17  1:11  Spawning Pool  
  17  1:12  Drone  
  17  1:17  Drone  
  18  1:20  Drone  
  19  1:25  Extractor  
  19  1:31  Drone  
  19  1:44  Drone  
  20  1:56  Drone  
  21  2:03  Overlord  
  21  2:05  Queen  
  21  2:06  Queen  
  21  2:08  Overlord  
  25  2:13  Drone  
  26  2:17  Drone  
  27  2:24  Drone  
  27  2:27  Drone  
  29  2:35  Drone  
  30  2:38  Drone  
  31  2:49  Lair  
  31  2:55  Drone x2  
  31  2:56  Roach Warren, Drone  
  33  3:02  Drone  
  34  3:07  Drone  
  35  3:13  Drone  
  35  3:15  Drone  
  35  3:16  Drone x2  
  35  3:18  Drone  
  40  3:35  Drone x4  
  44  3:42  Evolution Chamber  
  43  3:51  Spine Crawler  
  43  3:52  Spine Crawler  
  41  3:56  Overlord x2  
  41  3:58  Roach, Spore Crawler  
  42  4:05  Queen  
  44  4:13  Hydralisk Den  
  44  4:14  Zerg Missile Weapons Level 1  
  45  4:24  Extractor, Roach x3  
  45  4:25  Extractor  
  45  4:28  Drone x4  
  51  4:40  Overlord x3  
  51  4:53  Drone  
  51  4:54  Roach x3  
  58  5:30  Drone x2  
  58  5:31  Drone, Evolution Chamber  
  58  5:32  Drone  
  58  5:33  Roach x5  
  71  5:41  Grooved Spines  
  71  5:46  Extractor, Drone x2  
  72  6:16  Hydralisk  
  72  6:17  Hydralisk x5  
  72  6:31  Hydralisk x2  
  72  6:32  Hydralisk  
Show
View Real Time Build Order
Export as new Build Order

Jed Protoss 

Build Orders:  

Get SALT Encoding   

  12  0:02  Probe  
  13  0:14  Probe  
  13  0:18  Pylon  
  14  0:26  Probe  
  15  0:37  Gateway  
  15  0:44  Probe  
  16  0:50  Assimilator  
  16  0:59  Forge  
  16  1:01  Probe  
  17  1:08  Assimilator  
  17  1:13  Probe  
  18  1:25  Probe  
  19  1:29  Cybernetics Core  
  19  1:37  Probe  
  20  1:52  Photon Cannon  
  20  2:01  Warp Gate  
  20  2:04  Probe  
  20  2:05  Pylon  
  21  2:16  Probe  
  22  2:25  Photon Cannon  
  22  2:33  Stargate  
  22  2:40  Twilight Council  
  22  2:46  Probe  
  22  2:50  Protoss Ground Weapons Level 1  
  23  3:13  Stalker  
  23  3:19  Void Ray  
  29  3:27  Pylon  
  29  3:40  Shield Battery  
  29  4:02  Zealot  
  31  4:13  Protoss Air Weapons Level 1  
  31  4:15  Void Ray  
  31  4:19  Charge  
  31  4:24  Gateway  
  35  4:34  Pylon  
  35  4:45  Zealot  
  35  4:49  Void Ray  
  41  5:08  Pylon  
  41  5:10  Zealot  
  43  5:19  Zealot  
  45  5:27  Void Ray  
  45  5:31  Zealot  
  47  5:41  Zealot  
  53  5:52  Zealot  
Tags
 
Matchup
PvZ
Replay Pack
MrFercho
Spawn Locations
Cross Positions
Add a new tag
Caveats
  • Supply blocks, unpowered buildings, or Contaminate may cause inaccurate times.
  • Supply counts are checked every 10 seconds.